 Dungeon Crawl Stone Soup version 0.18-a0-1243-g9e52518 (webtiles) character file.

138 Gagarin the Insei (level 5, -1/34 HPs)
             Began as an Octopode Transmuter on Feb 5, 2016.
             Slain by namelastname112's ghost (6 damage)
             ... in a sewer.
             The game lasted 00:07:49 (1937 turns).

Gagarin the Insei (Octopode Transmuter)             Turns: 1937, Time: 00:07:49

Health: -1/34      AC:  1    Str: 10    XL:     5   Next: 21%
Magic:  8/8        EV: 13    Int: 15    God:
Gold:   101        SH:  0    Dex: 13    Spells: 2 memorised, 4 levels left

rFire  . . .     SeeInvis .       - Unarmed
rCold  . . .     Gourm    .     (no shield)
rNeg   . . .     Faith    .     (helmet restricted)
rPois  .         Spirit   .     (no amulet)
rElec  .         Dismiss  .     (no ring)
rCorr  .         Reflect  .     (no ring)
SustAt .         Harm     .     (no ring)
MR     .....                    (no ring)
Stlth  ++++......               (no ring)
                                (no ring)
                                (no ring)
                                (no ring)

@: not resistant to hostile enchantments, stealthy
A: almost no armour, amphibious, 8 rings, constrict 8, camouflage 1, gelatinous
body 1
a: no special abilities


You were in a sewer.
You were not hungry.

You visited 1 branch of the dungeon, and saw 3 of its levels.
You also visited: Sewer.

You collected 101 gold pieces.

Inventory:

Missiles
 a - 20 arrows
Scrolls
 d - a scroll of enchant weapon {unknown}
 e - a scroll of remove curse {unknown}
 g - a scroll of fog {unknown}
 i - a scroll of identify
 l - a scroll of random uselessness {unknown}
 p - a scroll of amnesia {unknown}
 t - a scroll of magic mapping {unknown}
Potions
 h - 2 potions of cure mutation
 j - a potion of beneficial mutation {unknown}
 k - a potion of curing {unknown}
 m - a potion of magic
 n - a potion of lignification {unknown}
 r - 2 potions of poison {unknown}
 s - a potion of heal wounds {unknown}
Books
 b - a book of Changes

   Spells                             Type                      Level
   a - Beastly Appendage              Transmutation                1
   b - Sticks to Snakes               Transmutation                2
   c - Spider Form                    Transmutation/Poison         3
   d - Ice Form                       Ice/Transmutation            4
   e - Blade Hands                    Transmutation                5
Comestibles
 c - a bread ration
 f - 2 beef jerkies
 o - a royal jelly
 q - a slice of pizza
 u - 4 fruits


   Skills:
 + Level 2.0 Fighting
 + Level 3.1 Dodging
 + Level 2.6 Stealth
 + Level 4.0 Unarmed Combat
 + Level 2.2 Spellcasting
 + Level 2.2 Transmutations


You had 4 spell levels left.
You knew the following spells:

 Your Spells              Type           Power        Failure   Level  Hunger
a - Beastly Appendage     Trmt           #.....       12%         1    #......
b - Spider Form           Trmt/Pois      #.........   43%         3    ###....


Dungeon Overview and Level Annotations

Branches:
Dungeon (3/15)

Altars:

Annotations:
Sewer namelastname112's ghost, amateur DrGl


Innate Abilities, Weirdness & Mutations

You cannot wear most types of armour.
You are amphibious.
You can wear up to eight rings at the same time.
You can use your tentacles to constrict eight enemies at once.
Your skin changes colour to match your surroundings (Stealth).
Your rubbery body absorbs attacks (AC +1).


Message History

You have reached level 5!
You feel agile. The ooze barely misses you.
You see here a short sword.
The ooze misses you.
Namelastname112's ghost shrieks, "You will join me soon!"
Namelastname112's ghost keens inconsolably.
You tentacle-slap the ooze. You squeeze the ooze.
The ooze is almost dead.
The ooze splashes around in the water.
Namelastname112's ghost misses you.
You completely miss the ooze.
The ooze is almost dead.
The ooze splashes around in the water.
Namelastname112's ghost says, "They'll have to sweep you off the floor after I'm finished with you!"
Namelastname112's ghost hits you.
* * * LOW HITPOINT WARNING * * *
Drink which item? (? for menu, Esc to quit)
It was a potion of magic.
Magic courses through your body. The ooze hits you but does no damage.
Namelastname112's ghost hits you.
You die...

#≈#≈#(#≈#
#≈#≈#≈#≈#
#≈#J#(#≈#
#≈≈≈#.(≈#
##≈###≈## #.#
#.# #≈###≈#
#≈≈≈≈≈# ##@≈≈##
#JW.# .≈ #≈..#
≈≈. #.≈.## #.≈.
#....## #.≈≈.
#≈≈≈.≈#####..≈≈.
##≈≈≈≈≈≈≈≈≈.≈..#
###≈≈)≈≈≈≈≈.##
##...≈..≈##


You could see namelastname112's ghost and an ooze.

Vanquished Creatures
  A big kobold (Sewer)
  2 adders
  4 worms (D:2)
  3 giant geckos
  A ball python (D:1)
  5 bats (D:1)
  5 giant cockroaches
  2 goblins
  5 hobgoblins
  2 kobolds
  2 quokkas (D:2)
  A giant newt (D:1)
  7 rats
40 creatures vanquished.

Notes
Turn   | Place    | Note
--------------------------------------------------------------
     0 | D:1      | Gagarin the Octopode Transmuter began the quest for the Orb.
     0 | D:1      | Reached XP level 1. HP: 13/13 MP: 3/3
   164 | D:1      | Reached XP level 2. HP: 18/18 MP: 5/5
   759 | D:1      | Reached XP level 3. HP: 16/23 MP: 6/6
  1033 | D:1      | Learned a level 3 spell: Spider Form
  1040 | D:2      | Reached skill level 1 in Stealth
  1341 | D:2      | Reached XP level 4. HP: 17/28 MP: 5/7
  1805 | D:3      | Found a glowing drain.
  1843 | Sewer    | Entered a sewer
  1893 | Sewer    | Noticed a big kobold
  1918 | Sewer    | Noticed namelastname112's ghost (amateur DrGl)
  1926 | Sewer    | Killed a big kobold
  1926 | Sewer    | Reached skill level 4 in Unarmed Combat
  1926 | Sewer    | Reached XP level 5. HP: 10/34 MP: 8/8
  1937 | Sewer    | Slain by namelastname112's ghost

Vault maps used:
D:1:      tarquinn_simple_flora_water_e, serial_forest, infiniplex_forest_end_3,
          infiniplex_forest_lined_4_way, infiniplex_forest_lined_3,
          infiniplex_forest_corner_1, st_stairs_3, serial_bayou_pond_b
D:2:      serial_corexii_hall, corexii_hall_statues_l, corexii_hall_statues_x
D:3:      first_bread, gup_sewer_entry_pipe
Sewer:    sewer_co_tree

Action                   |  1- 3 |  4- 6 || total
-------------------------+-------+-------++-------
Melee: Unarmed           |    74 |    30 ||   104
 Cast: Beastly Appendage |     5 |     1 ||     6
  Use: Scroll            |       |     1 ||     1
       Potion            |       |     1 ||     1
 Stab: Sleeping          |     5 |     2 ||     7
  Eat: Chunk             |     1 |     2 ||     3
